 Dungeon Crawl Stone Soup version 0.28.0-53-g5a82cb258f (webtiles) character file.

Game seed: 11900872225111888468

52 DildoBatman the Conjurer (level 4, 0/31 (32) HPs)
             Began as a Formicid Conjurer on July 14, 2022.
             Slain by a rat (1 damage)
             ... on level 3 of the Dungeon.
             The game lasted 00:02:46 (1348 turns).

DildoBatman the Conjurer (Formicid Conjurer)        Turns: 1348, Time: 00:02:47

HP:   0/31 (32)     AC:  4    Str: 12    XL:     4   Next: 8%
MP:   8/8           EV: 12    Int: 17    God:
Gold: 125           SH:  0    Dex: 11    Spells: 5/8 levels left

rFire   . . .      SeeInvis +   a - +0 quarterstaff
rCold   + . .      Faith    .   i - orb {*channel}
rNeg    . . .      Spirit   .   f - +2 robe {rC+}
rPois   .          Reflect  .   (helmet unavailable)
rElec   .          Harm     .   (no cloak)
rCorr   .          Rampage  .   (no gloves)
Will    .....                   (no boots)
Stlth   ++........              (no amulet)
HPRegen 0.10/turn               (no ring)
MPRegen 0.11/turn               (no ring)

@: lightly drained
A: permanent stasis, dig shafts and tunnels, antennae 3, four strong arms
a: Dig, Shaft Self


You were on level 3 of the Dungeon.
You visited 1 branch of the dungeon, and saw 3 of its levels.

You collected 125 gold pieces.

Inventory:

Hand Weapons
 a - a +0 quarterstaff (weapon)
Missiles
 c - 60 stones
 d - a throwing net
Armour
 f - a +2 robe of cold resistance (worn)
 i - an orb of energy (worn)
Scrolls
 b - a scroll of brand weapon {unknown}
 e - 3 scrolls of identify {unknown}
 j - a scroll of fear {unknown}
 l - a scroll of silence {unknown}
Potions
 g - 2 potions of heal wounds {unknown}
 h - a potion of attraction {unknown}
 k - a potion of curing {unknown}
 m - 2 potions of might {unknown}
 n - a potion of flight {unknown}


   Skills:
 * Level 1.4 Fighting
 * Level 1.6 Armour
 - Level 2.0 Dodging
 - Level 2.4 Stealth
 * Level 2.7 Spellcasting
 * Level 3.9 Conjurations


You had 5 spell levels left.
You knew the following spells:

 Your Spells              Type           Power      Damage    Failure   Level
a - Searing Ray           Conj           30%        2d5       5%          2
c - Magic Dart            Conj           60%        1d6       3%          1

Your spell library contained the following spells:

 Spells                   Type           Power      Damage    Failure   Level
 Dazzling Flash           Conj/Hex       18%        N/A       24%         3
 Fulminant Prism          Conj/Hex       4%         3d6       63%         4
 Iskenderun's Mystic Bla  Conj/Tloc      9%         2d4       63%         4


Dungeon Overview and Level Annotations

Branches:
Dungeon (2/15)

Altars:


Innate Abilities, Weirdness & Mutations

You cannot be hasted, slowed, berserked, paralysed or teleported.
You can dig through walls and to a lower floor.
You have a pair of large antennae on your head. (SInv)
Your four strong arms can wield two-handed weapons with a shield.


Message History

Orders for allies: a - Attack new target. r - Retreat! s - Stop attacking. g - Guard the area. f - Follow me.
Anything else - Cancel.
You shout for attention!
The quokka barely misses you.
You extend your mandibles.
You dig through the rock wall.
You feel drained. The quokka bites you. The rat completely misses you.
What are your orders? t - Shout!
Orders for allies: a - Attack new target. r - Retreat! s - Stop attacking. g - Guard the area. f - Follow me.
Anything else - Cancel.
You shout for attention!
The quokka closely misses you. The rat barely misses you.
What are your orders? t - Shout!
Orders for allies: a - Attack new target. r - Retreat! s - Stop attacking. g - Guard the area. f - Follow me.
Anything else - Cancel.
You shout for attention!
The quokka closely misses you. The rat misses you.
What are your orders? t - Shout!
Orders for allies: a - Attack new target. r - Retreat! s - Stop attacking. g - Guard the area. f - Follow me.
Anything else - Cancel.
You shout for attention!
The quokka barely misses you.
The quokka bites you but does no damage.
The rat bites you.
You die...

. #.. ######.#
#....#@.....#
......rr?#####
##########


You could see a quokka and a rat.

Vanquished Creatures
  2 adders (D:2)
  3 bats
  2 endoplasms (D:1)
  2 giant cockroaches
  A goblin (D:1)
  6 hobgoblins
  5 quokkas
  A ball python (D:1)
  A frilled lizard (D:1)
  5 kobolds
  A rat (D:1)
29 creatures vanquished.

Notes
Turn   | Place    | Note
-------+----------+-------------------------------------------
     0 | D:1      | DildoBatman the Formicid Conjurer began the quest for the
                  | Orb.
     0 | D:1      | Reached XP level 1. HP: 13/13 MP: 3/3
   155 | D:1      | Reached XP level 2. HP: 18/20 MP: 0/5
   158 | D:1      | Learned a level 2 spell: Searing Ray
   428 | D:1      | Reached skill level 1 in Armour
   538 | D:1      | Reached skill level 1 in Fighting
   538 | D:1      | Reached XP level 3. HP: 26/26 MP: 3/6
   740 | D:1      | Found a faded altar of an unknown god.
  1280 | D:2      | Reached XP level 4. HP: 31/32 MP: 1/8
  1282 | D:2      | You fall into a shaft and drop 1 floor!
  1345 | D:3      | HP: 1/31 [quokka (4)]
  1348 | D:3      | Slain by a rat

Illustrated notes

Levels and vault maps discovered:
D:1:      psy_arrival_dodecagon, layout_rooms, basic_ecumenical_altar,
          hangedman_feature_mirror, minmay_statues_item, nrook_mini_backslash
D:2:      layout_rooms, grunt_decor_arrowhead
D:3:      layout_rooms, serial_shops, nicolae_shop_behind_doors, uniq_robin,
          uniq_grinder

Skill      XL: |  1  2 |
---------------+-------+-----
Dodging        | 2 |  2.0
Armour         | 1 |  1.6
Fighting       | 1 |  1.4
Stealth        | |  2.4
Spellcasting   | |  2.7
Conjurations   | |  3.9

Action                   |  1- 3 |  4- 6 || total
-------------------------+-------+-------++-------
Melee: Short sword       |    33 |       ||    33
       Quarterstaff      |     3 |       ||     3
 Cast: Magic Dart        |    30 |       ||    30
       Searing Ray       |     9 |       ||     9
 Abil: Dig               |       |     1 ||     1
       Shaft Self        |       |     1 ||     1
Armor: Robe              |     4 |    12 ||    16
Dodge: Dodged            |    37 |    40 ||    77
